 Dungeon Sprint DCSS version 0.17-a0-1667-g4ca74a1 (webtiles) character file.

17013 Kidiri the Spry (level 12, -2/51 HPs)
             Began as a Spriggan Enchanter on Aug 17, 2015.
             Was the Champion of Dithmenos.
             Succumbed to something's poison gas
             ... in the Dungeon (Sprint III: "The Ten Rune Challenge").
             The game lasted 00:19:45 (4110 turns).

Kidiri the Spry (Spriggan Enchanter)                Turns: 4110, Time: 00:19:45

Health: -2/51      AC:  5    Str:  4    XL:     12   Next: 15%
Magic:  33/33      EV: 36    Int: 18    God:    Dithmenos [******]
Gold:   41         SH:  0    Dex: 18    Spells: 10 memorised, 15 levels left

rFire  . . .     SeeInvis +     a - +1 dagger
rCold  . . .     Clarity  .     b - +1 robe
rNeg   . . .     SustAt   .     (shield restricted)
rPois  .         Gourm    .     (helmet restricted)
rElec  .         Spirit   .     l - +0 cloak
rCorr  .         Warding  .     (gloves unavailable)
rMut   .         NoTele   +     (boots unavailable)
MR     ++...                    (no amulet)
Stlth  ++++++++++               (no ring)
                                (no ring)

@: lethally poisoned (-2 -> -48), exhausted, slowed, wreathed by umbra, quick,
very resistant to hostile enchantments, uncannily stealthy
A: unfitting armour, hooves 1, repulsion field 1, see invisible, dopey 1,
herbivore 3, speed 3, shaggy fur 1, slow metabolism 2, wild magic 1, MP-powered
wands
a: Shadow Step, Shadow Form, Renounce Religion


You were in the Dungeon.
You worshipped Dithmenos.
Dithmenos was exalted by your worship.
You were full.

You visited 1 branch You collected 41 gold pieces.

Inventory:

Hand weapons
 a - a +1 dagger (weapon)
Missiles
 t - 8 throwing nets (quivered)
Armour
 b - a +1 robe (worn)
 l - a +0 cloak (worn)
Scrolls
 j - a scroll of blinking
 n - a scroll of torment
 r - a scroll of holy word
Potions
 g - a potion of haste
 h - 2 potions of magic
 i - a potion of berserk rage
 k - 2 potions of might
 p - 2 potions of cure mutation
 q - 4 potions of flight
Comestibles
 d - a bread ration
 m - 32 royal jellies


   Skills:
 + Level 10.9 Short Blades
 * Level 18.7 Dodging
 - Level 14.3 Stealth
 * Level 16.3 Spellcasting
 + Level 7.5 Conjurations
 + Level 12.3 Hexes
 + Level 11.1 Charms
 + Level 8.2 Ice Magic
 + Level 9.2 Invocations


You had 15 spell levels left.
You knew the following spells:

 Your Spells              Type           Power        Failure   Level  Hunger
a - Corona                Hex            ######.      1%          1    None
b - Ensorcelled Hibernat  Hex/Ice        ######       1%          2    None
c - Confuse               Hex            ######..     1%          3    None
d - Tukima's Dance        Hex            ######..     1%          3    None
e - Dazzling Spray        Conj/Hex       ######..     1%          3    None
f - Magic Dart            Conj           ####         1%          1    None
g - Searing Ray           Conj           ######       2%          2    None
h - Fulminant Prism       Conj/Hex       ######....   3%          4    None
i - Iskenderun's Mystic   Conj           ######..     5%          4    None
j - Iskenderun's Battles  Conj/Chrm      ######..     7%          5    ###....


Dungeon Overview and Level Annotations

Branches:
Dungeon (1/1)

Altars:
Cheibriados
Dithmenos
Elyvilon
Fedhas
Gozag
Kikubaaqudgha
Makhleb
Nemelex Xobeh
Okawaru
Qazlal
Ru
Sif Muna
Trog
Vehumet
Xom
Yredelemnul
Zin
The Shining One
Jiyva
Lugonu

Shops:
D ?}(


Innate Abilities, Weirdness & Mutations

You are tiny and cannot use many weapons and most armour.
You have supernaturally acute eyesight.
You are a herbivore.
You cover ground extremely quickly.
You need consume almost no food.
You have large cloven feet.
You are surrounded by a mild repulsion field (EV +2).
You are dopey. (Int -2)
You are covered in fur (AC +1).
Your spells are a little harder to cast, but a little more powerful.
You expend magic power (3 MP) to strengthen your wands.


Message History

You feel yourself moving faster!
You feel mighty!
* * * LOW HITPOINT WARNING * * *
You feel very sick.
You feel a strong urge to attack something.
* * * LOW HITPOINT WARNING * * *
You feel sick.
* * * LOW HITPOINT WARNING * * *
You feel sick.
You feel your anger subside.
* * * LOW HITPOINT WARNING * * *
You feel sick.
* * * LOW HITPOINT WARNING * * *
You feel sick.
Your blood rage is quickly leaving you.
You are no longer berserk.
You are exhausted.
You feel yourself slow down.
* * * LOW HITPOINT WARNING * * *
You feel sick.
You die...

#≈.≈§§§§≈≈♣♣♣♣♣♣♣#..♣♣
#≈≈%≈≈≈≈.≈♣
###+♣♣♣♣♣♣♣
#+####+#######♣
♣♣♣♣.##..##≈
...........)...♣♣
♣...##.##.#≈
#+#############'♣
♣♣.##.##.##+
#≈...........♣
♣..#.##...#
...+≈≈...########♣♣
♣♣.##.##.)#
J.J#≈≈≈...........♣
♣♣.##.#####
JJ.#≈≈≈≈......@...♣
♣.....##%.. #
###########+####
########+## #≈♣♣ ▓...
#♣.♣ ▓≈≈P ♣§♣♣ ▓≈≈≈
♣♣k♣ ▓≈≈≈ ♣§♣♣ ▓≈≈≈
♣.♣♣ ▓≈≈≈ ♣k§♣ ▓≈≈≈


There were no monsters in sight!

Vanquished Creatures
  Rupert (D)
  Maud (D)
  2 hydras (D)
  Erolcha (D)
  4 death yaks (D)
  A death drake (D)
  A lindwurm (D)
  2 black mambas (D)
  A fire drake (D)
  2 spiny frogs (D)
  A komodo dragon (D)
  A deep elf priest (D)
  3 wandering mushrooms (D)
  A queen bee (D)
  8 blink frogs (D)
  2 trapdoor spiders (D)
  4 redbacks (D)
  A shadow (D)
  2 hill giants (D)
  A spatial vortex (D)
  2 swamp drakes (D)
  A necrophage (D)
  2 brain worms (D)
  3 two-headed ogres (D)
  A water elemental (D)
  32 killer bees (D)
  An electric eel (D)
  A jelly (D)
  Crazy Yiuf (D)
  A wizard (D)
  A necromancer (D)
  A kobold demonologist (D)
  3 humans (D)
  An ooze (D)
  3 rats (D)
94 creatures vanquished.

Vanquished Creatures (others)
  2 draconian scorchers (D)
  3 yaktaurs (D)
  7 plants (D)
12 creatures vanquished.

Grand Total: 106 creatures vanquished

Notes
Turn   | Place    | Note
--------------------------------------------------------------
     0 | D        | Kidiri the Spriggan Enchanter began the quest for the Orb.
     0 | D        | Reached XP level 1. HP: 9/9 MP: 5/5
    18 | D        | Reached skill level 5 in Stealth
   161 | D        | Noticed Crazy Yiuf
   164 | D        | Killed Crazy Yiuf
   164 | D        | Reached skill level 5 in Dodging
   164 | D        | Reached skill level 6 in Stealth
   164 | D        | Reached XP level 2. HP: 13/13 MP: 6/8
   164 | D        | Reached XP level 3. HP: 16/16 MP: 7/10
   172 | D        | Learned a level 2 spell: Ensorcelled Hibernation
   176 | D        | Learned a level 3 spell: Confuse
   180 | D        | Learned a level 3 spell: Tukima's Dance
   180 | D        | Killed a yaktaur
   192 | D        | Killed a white draconian scorcher
   230 | D        | Killed a white draconian scorcher
   418 | D        | Reached skill level 7 in Stealth
   418 | D        | Reached skill level 5 in Spellcasting
   458 | D        | Gained mutation: Your spells are a little harder to cast, but a little more powerful. [potion of mutation]
   458 | D        | Gained mutation: You are dopey. (Int -2) [potion of mutation]
   459 | D        | Gained mutation: You have large cloven feet. [potion of mutation]
   460 | D        | Gained mutation: You expend magic power (3 MP) to strengthen your wands. [potion of mutation]
   460 | D        | Gained mutation: You are covered in fur (AC +1). [potion of mutation]
   461 | D        | Gained mutation: You are surrounded by a mild repulsion field (EV +2). [potion of beneficial mutation]
   571 | D        | Learned a level 3 spell: Dazzling Spray
   571 | D        | Noticed a water elemental
   574 | D        | Killed a water elemental
   574 | D        | Reached skill level 8 in Stealth
   574 | D        | Reached skill level 1 in Conjurations
   574 | D        | Reached skill level 5 in Hexes
   574 | D        | Reached skill level 1 in Ice Magic
   574 | D        | Reached XP level 4. HP: 21/21 MP: 11/13
   593 | D        | Noticed a jelly
   594 | D        | Noticed a shadow
   599 | D        | Killed a jelly
   599 | D        | Reached XP level 5. HP: 16/24 MP: 15/15
   746 | D        | Killed a shadow
   746 | D        | Reached skill level 10 in Stealth
   746 | D        | Reached XP level 6. HP: 22/28 MP: 1/17
   882 | D        | Found a stormy altar of Qazlal.
   882 | D        | Found a sacrificial altar of Ru.
   882 | D        | Found a burning altar of Makhleb.
   882 | D        | Found a shimmering altar of Xom.
   883 | D        | Found a viscous altar of Jiyva.
   883 | D        | Found a shadowy altar of Dithmenos.
   883 | D        | Found a sparkling altar of Nemelex Xobeh.
   883 | D        | Found a corrupted altar of Lugonu.
   883 | D        | Found an opulent altar of Gozag.
   883 | D        | Noticed a spatial vortex
   886 | D        | Killed a spatial vortex
   886 | D        | Reached skill level 5 in Short Blades
   886 | D        | Reached skill level 11 in Stealth
   889 | D        | Became a worshipper of Dithmenos the Shadowed
   914 | D        | Found a radiant altar of Vehumet.
   915 | D        | Found a deep blue altar of Sif Muna.
   915 | D        | Found an ancient bone altar of Kikubaaqudgha.
   915 | D        | Noticed a wizard
   916 | D        | Killed a wizard
   923 | D        | Noticed a rust devil
   935 | D        | Learned a level 1 spell: Magic Dart
   938 | D        | Learned a level 2 spell: Searing Ray
   943 | D        | Learned a level 4 spell: Fulminant Prism
  1033 | D        | Found a glowing silver altar of Zin.
  1034 | D        | Found a glowing golden altar of the Shining One.
  1034 | D        | Found a white marble altar of Elyvilon.
  1034 | D        | Noticed a deep elf priest
  1036 | D        | Killed a deep elf priest
  1036 | D        | Reached skill level 10 in Dodging
  1036 | D        | Reached skill level 12 in Stealth
  1036 | D        | Reached XP level 7. HP: 32/32 MP: 18/20
  1047 | D        | Found an iron altar of Okawaru.
  1048 | D        | Found a bloodstained altar of Trog.
  1048 | D        | Noticed a human
  1048 | D        | Noticed a human
  1050 | D        | Killed a human
  1051 | D        | Killed a human
  1072 | D        | Learned a level 4 spell: Iskenderun's Mystic Blast
  1072 | D        | Found a snail-covered altar of Cheibriados.
  1072 | D        | Noticed a necrophage
  1073 | D        | Found a basalt altar of Yredelemnul.
  1073 | D        | Found a blossoming altar of Fedhas.
  1073 | D        | Noticed a necromancer
  1074 | D        | Killed a necrophage
  1074 | D        | Acquired Dithmenos's first power
  1074 | D        | Reached XP level 8. HP: 36/36 MP: 22/22
  1075 | D        | Killed a necromancer
  1095 | D        | Noticed a two-headed ogre
  1095 | D        | Noticed a two-headed ogre
  1100 | D        | Noticed a two-headed ogre
  1101 | D        | Killed a two-headed ogre
  1101 | D        | Reached skill level 10 in Spellcasting
  1233 | D        | Killed a yaktaur
  1378 | D        | Killed a two-headed ogre
  1378 | D        | Reached skill level 13 in Stealth
  1404 | D        | Killed a two-headed ogre
  1404 | D        | Acquired Dithmenos's second power
  1451 | D        | Noticed a hill giant
  1456 | D        | Killed a hill giant
  1462 | D        | Noticed Erolcha
  1470 | D        | Noticed a hill giant
  1475 | D        | Killed a hill giant
  1487 | D        | Killed Erolcha
  1487 | D        | Reached skill level 14 in Stealth
  1487 | D        | Reached XP level 9. HP: 19/39 MP: 17/25
  1727 | D        | Learned a level 5 spell: Iskenderun's Battlesphere
  1729 | D        | Noticed a redback
  1731 | D        | Noticed a trapdoor spider
  1733 | D        | Noticed a trapdoor spider
  1884 | D        | Killed a trapdoor spider
  1884 | D        | Reached skill level 1 in Charms
  1884 | D        | Reached skill level 5 in Ice Magic
  2015 | D        | Killed a trapdoor spider
  2015 | D        | Acquired Dithmenos's third power
  2018 | D        | Killed a redback
  2202 | D        | Noticed a killer bee
  2202 | D        | Noticed a queen bee
  2202 | D        | Noticed a killer bee
  2202 | D        | Noticed a killer bee
  2202 | D        | Noticed a killer bee
  2202 | D        | Noticed a killer bee
  2202 | D        | Noticed a killer bee
  2202 | D        | Noticed a killer bee
  2202 | D        | Noticed a killer bee
  2202 | D        | Noticed a killer bee
  2202 | D        | Noticed a killer bee
  2202 | D        | Noticed a killer bee
  2202 | D        | Noticed a killer bee
  2202 | D        | Noticed a killer bee
  2202 | D        | Noticed a killer bee
  2203 | D        | Noticed a killer bee
  2203 | D        | Noticed a killer bee
  2203 | D        | Noticed a killer bee
  2203 | D        | Noticed a killer bee
  2203 | D        | Noticed a killer bee
  2203 | D        | Noticed a killer bee
  2203 | D        | Noticed a killer bee
  2203 | D        | Noticed a killer bee
  2203 | D        | Noticed a killer bee
  2203 | D        | Noticed a killer bee
  2203 | D        | Noticed a killer bee
  2203 | D        | Noticed a killer bee
  2203 | D        | Noticed a killer bee
  2203 | D        | Noticed a killer bee
  2203 | D        | Noticed a killer bee
  2203 | D        | Noticed a killer bee
  2203 | D        | Noticed a killer bee
  2203 | D        | Noticed a killer bee
  2204 | D        | Killed a killer bee
  2205 | D        | Killed a killer bee
  2205 | D        | Reached skill level 5 in Invocations
  2211 | D        | Killed a killer bee
  2212 | D        | Killed a killer bee
  2215 | D        | Killed a killer bee
  2215 | D        | Acquired Dithmenos's fourth power
  2217 | D        | Killed a killer bee
  2221 | D        | Killed a killer bee
  2224 | D        | Killed a killer bee
  2226 | D        | Killed a killer bee
  2228 | D        | Killed a killer bee
  2231 | D        | Killed a killer bee
  2233 | D        | Killed a killer bee
  2445 | D        | Killed a killer bee
  2467 | D        | Killed a killer bee
  2467 | D        | Reached skill level 5 in Conjurations
  2469 | D        | Killed a killer bee
  2471 | D        | Killed a killer bee
  2473 | D        | Killed a killer bee
  2480 | D        | Killed a killer bee
  2630 | D        | Killed a killer bee
  2632 | D        | Killed a killer bee
  2634 | D        | Killed a killer bee
  2636 | D        | Killed a killer bee
  2638 | D        | Killed a killer bee
  2640 | D        | Killed a killer bee
  2642 | D        | Killed a killer bee
  2644 | D        | Killed a killer bee
  2659 | D        | Killed a queen bee
  2659 | D        | Reached skill level 5 in Charms
  2659 | D        | Reached XP level 10. HP: 44/44 MP: 10/27
  2667 | D        | Killed a killer bee
  2765 | D        | Killed a killer bee
  2766 | D        | Killed a killer bee
  2767 | D        | Killed a killer bee
  2767 | D        | Killed a killer bee
  2769 | D        | Killed a killer bee
  2858 | D        | Noticed a wandering mushroom
  2859 | D        | Noticed a wandering mushroom
  2859 | D        | Noticed a wandering mushroom
  2860 | D        | Killed a wandering mushroom
  2865 | D        | Killed a wandering mushroom
  2865 | D        | Reached skill level 10 in Hexes
  2866 | D        | Killed a wandering mushroom
  3000 | D        | Noticed a spiny frog
  3000 | D        | Noticed a komodo dragon
  3000 | D        | Noticed a spiny frog
  3004 | D        | Killed a komodo dragon
  3006 | D        | Killed a spiny frog
  3006 | D        | Reached skill level 15 in Dodging
  3008 | D        | Killed a spiny frog
  3033 | D        | Noticed a redback
  3035 | D        | Killed a redback
  3036 | D        | Noticed a brain worm
  3039 | D        | Killed a brain worm
  3045 | D        | Noticed a brain worm
  3048 | D        | Killed a brain worm
  3055 | D        | Noticed a lindwurm
  3057 | D        | Noticed a redback
  3058 | D        | Killed a lindwurm
  3060 | D        | Killed a redback
  3151 | D        | Killed a yaktaur
  3166 | D        | Noticed a redback
  3167 | D        | Killed a redback
  3168 | D        | Noticed Maud
  3171 | D        | Killed Maud
  3171 | D        | Reached skill level 16 in Dodging
  3171 | D        | Reached XP level 11. HP: 47/47 MP: 28/30
  3182 | D        | Noticed an electric eel
  3183 | D        | Noticed a seven-headed hydra
  3183 | D        | Noticed a five-headed hydra
  3187 | D        | Killed an electric eel
  3193 | D        | Killed a five-headed hydra
  3196 | D        | Killed a seven-headed hydra
  3273 | D        | Noticed a death drake
  3291 | D        | Killed a death drake
  3308 | D        | Noticed a kraken
  3308 | D        | Noticed a snapping turtle
  3314 | D        | Noticed a snapping turtle
  3360 | D        | Noticed a swamp drake
  3360 | D        | Noticed a fire drake
  3361 | D        | Killed a fire drake
  3363 | D        | Killed a swamp drake
  3370 | D        | Noticed a blink frog
  3370 | D        | Noticed a blink frog
  3370 | D        | Noticed a blink frog
  3371 | D        | Noticed a blink frog
  3371 | D        | Noticed a blink frog
  3372 | D        | Killed a blink frog
  3372 | D        | Reached skill level 17 in Dodging
  3375 | D        | Killed a blink frog
  3377 | D        | Killed a blink frog
  3377 | D        | Reached skill level 15 in Spellcasting
  3380 | D        | Killed a blink frog
  3380 | D        | Reached skill level 10 in Short Blades
  3386 | D        | Killed a blink frog
  3438 | D        | Noticed Rupert
  3440 | D        | Killed Rupert
  3440 | D        | Reached skill level 10 in Charms
  3454 | D        | Noticed a death yak
  3455 | D        | Noticed a death yak
  3455 | D        | Noticed a blink frog
  3455 | D        | Noticed an azure jelly
  3455 | D        | Noticed a death yak
  3455 | D        | Noticed an azure jelly
  3455 | D        | Noticed a blink frog
  3455 | D        | Noticed a death yak
  3456 | D        | Noticed a blink frog
  3459 | D        | Killed a blink frog
  3674 | D        | Noticed a black mamba
  3678 | D        | Noticed a black mamba
  3680 | D        | Killed a blink frog
  3683 | D        | Killed a black mamba
  3699 | D        | Killed a death yak
  3699 | D        | Reached skill level 18 in Dodging
  3707 | D        | Killed a death yak
  3709 | D        | Killed a black mamba
  3709 | D        | Reached XP level 12. HP: 51/51 MP: 6/33
  3860 | D        | Killed a blink frog
  3867 | D        | Killed a death yak
  3877 | D        | Noticed an azure jelly
  3877 | D        | Noticed an azure jelly
  4061 | D        | Killed a death yak
  4080 | D        | Noticed a swamp drake
  4080 | D        | Noticed a swamp dragon
  4082 | D        | Killed a swamp drake
  4083 | D        | Noticed a swamp dragon
  4083 | D        | Noticed a swamp dragon
  4083 | D        | Noticed a swamp drake
  4083 | D        | Found Nesak's Magic Scroll Shoppe.
  4083 | D        | Found Pofoonyu's Gadget Boutique.
  4083 | D        | Found Pizilla's Antique Weapon Emporium.
  4109 | D        | HP: 1/51 [poisoned by something (poison gas)]
  4110 | D        | Succumbed to something's poison gas

Vault maps used:
D:        dungeon_sprint_mu

Action                   |  1- 3 |  4- 6 |  7- 9 | 10-12 || total
-------------------------+-------+-------+-------+-------++-------
Melee: Dagger            |    22 |    13 |    57 |    80 ||   172
 Cast: Ensorcelled Hiber |     3 |     1 |    48 |    22 ||    74
       Confuse           |     1 |     4 |     1 |     4 ||    10
       Dazzling Spray    |       |     3 |     4 |    22 ||    29
       Searing Ray       |       |       |     1 |     1 ||     2
       Magic Dart        |       |       |       |     1 ||     1
Invok: Shadow Step       |       |       |     1 |    11 ||    12
  Use: Scroll            |     5 |       |       |       ||     5
       Potion            |     4 |       |     1 |     3 ||     8
 Stab: Sleeping          |     6 |     4 |    37 |    30 ||    77
       Confused          |       |     1 |       |     2 ||     3
       Invisible         |       |     1 |       |     7 ||     8
  Eat: Fruit             |       |       |       |     1 ||     1
       Bread ration      |       |       |       |     1 ||     1
